[ PARTIDA AOE2 · #507160186 ]
UnrankedSicilianos vs Khmer
Equipo del jugador · DERR
Equipo rival · VICT
[ ANÁLISIS DE REPETICIÓN · EXTRAÍDO DE LA PARTIDA GRABADA ]
Feudal
10:08
Castillos
28:19
Imperial
—
| APM promedio | 72.8 |
| APM pico | 133 |
| eAPM promedio | 34.7 |
| Aldeanos / militares | 77 / 48 |
Foco
⚔️ 36.0% · 🌾 64.0%
Serjeant ×22 · Spearman ×18 · Militia ×8
Feudal
10:33
Castillos
13:52
Imperial
—
| APM promedio | 37.1 |
| APM pico | 61 |
| eAPM promedio | 22.1 |
| Aldeanos / militares | 103 / 11 |
Foco
⚔️ 38.9% · 🌾 61.1%
Battle Elephant ×6 · Mangonel ×2 · Scorpion ×2 · Monk ×1
Mapa de la partida
Recursos iniciales + cada clic de construcción. Líneas = muros · curvas = relieve. ◆ oro · ⬟ piedra · ● bayas · ✦ reliquia · ◌ hueco del cierre
Tu base· Abierta — flanco sin cerrar
Base de VENÓN | BOTZANGA· Abierta — flanco sin cerrar
Terreno inicial suavizado · ◌ = hueco del cierre detectado · pasá el cursor para detalles
Inputs por minuto
— Im_16Years_Old_IamCaPte - - VENÓN | BOTZANGA
Build order — Im_16Years_Old_IamCaPte
Primeras 150 de 194 acciones detectadas
| 0:00 | Encolar | Villager (Male) |
| 0:00 | Encolar | Villager (Male) |
| 0:01 | Encolar | Villager (Male) |
| 0:02 | Construir | House |
| 0:03 | Construir | House |
| 0:22 | Encolar | Villager (Male) |
| 0:22 | Encolar | Villager (Male) |
| 0:22 | Encolar | Villager (Male) |
| 1:35 | Encolar | Villager (Male) |
| 1:35 | Encolar | Villager (Male) |
| 1:35 | Encolar | Villager (Male) |
| 1:50 | Construir | Lumber Camp |
| 1:55 | Encolar | Villager (Male) |
| 2:24 | Encolar | Villager (Male) |
| 2:24 | Encolar | Villager (Male) |
| 2:34 | Construir | House |
| 2:42 | Encolar | Villager (Male) |
| 3:05 | Encolar | Villager (Male) |
| 3:06 | Encolar | Villager (Male) |
| 3:06 | Encolar | Villager (Male) |
| 3:50 | Encolar | Villager (Male) |
| 3:50 | Encolar | Villager (Male) |
| 4:07 | Encolar | Villager (Male) |
| 4:20 | Encolar | Villager (Male) |
| 4:20 | Encolar | Villager (Male) |
| 4:20 | Encolar | Villager (Male) |
| 4:51 | Encolar | Villager (Male) |
| 4:54 | Encolar | Villager (Male) |
| 4:54 | Encolar | Villager (Male) |
| 4:54 | Encolar | Villager (Male) |
| 5:49 | Encolar | Villager (Male) |
| 6:03 | Construir | Mill |
| 6:17 | Investigar | Loom |
| 6:34 | Construir | House |
| 6:51 | Encolar | Villager (Male) |
| 7:12 | Construir | Barracks |
| 7:58 | Investigar | Feudal Age |
| 7:58 | Investigar | Feudal Age |
| 8:19 | Encolar | Militia |
| 8:20 | Encolar | Militia |
| 8:20 | Encolar | Militia |
| 8:35 | Construir | Mining Camp |
| 8:57 | Encolar | Militia |
| 8:58 | Encolar | Militia |
| 8:58 | Encolar | Militia |
| 9:40 | Construir | Donjon |
| 9:43 | Encolar | Militia |
| 9:44 | Encolar | Militia |
| 9:56 | Construir | House |
| 10:08 | Edad | Edad Feudal |
| 10:17 | Encolar | Villager (Male) |
| 10:29 | Encolar | Villager (Male) |
| 10:36 | Investigar | Man-at-Arms (upgrade) |
| 10:47 | Construir | Blacksmith |
| 10:49 | Encolar | Serjeant |
| 10:49 | Encolar | Serjeant |
| 10:49 | Encolar | Serjeant |
| 11:14 | Encolar | Villager (Male) |
| 11:14 | Encolar | Villager (Male) |
| 11:14 | Encolar | Villager (Male) |
| 11:14 | Encolar | Villager (Male) |
| 11:18 | Investigar | Town Watch |
| 11:20 | Construir | House |
| 11:29 | Investigar | Scale Mail Armor |
| 11:31 | Construir | House |
| 11:40 | Encolar | Villager (Male) |
| 11:43 | Investigar | Town Watch |
| 11:43 | Investigar | Town Watch |
| 11:43 | Investigar | Town Watch |
| 12:27 | Encolar | Serjeant |
| 12:27 | Encolar | Serjeant |
| 12:27 | Encolar | Serjeant |
| 12:31 | Construir | Outpost |
| 12:36 | Construir | Farm |
| 12:37 | Construir | Farm |
| 13:26 | Encolar | Villager (Male) |
| 13:26 | Encolar | Villager (Male) |
| 13:26 | Encolar | Villager (Male) |
| 13:28 | Construir | Farm |
| 13:28 | Construir | Farm |
| 13:44 | Encolar | Villager (Male) |
| 13:55 | Construir | Donjon |
| 14:15 | Encolar | Serjeant |
| 14:22 | Encolar | Villager (Male) |
| 14:22 | Encolar | Villager (Male) |
| 14:22 | Encolar | Villager (Male) |
| 14:24 | Construir | Farm |
| 14:56 | Encolar | Villager (Male) |
| 14:56 | Encolar | Villager (Male) |
| 14:56 | Encolar | Villager (Male) |
| 15:07 | Encolar | Spearman |
| 15:18 | Encolar | Villager (Male) |
| 15:32 | Encolar | Spearman |
| 15:33 | Encolar | Spearman |
| 15:33 | Encolar | Spearman |
| 15:45 | Encolar | Villager (Male) |
| 15:45 | Encolar | Villager (Male) |
| 15:45 | Encolar | Villager (Male) |
| 15:46 | Construir | Farm |
| 16:10 | Encolar | Villager (Male) |
| 16:11 | Construir | House |
| 16:13 | Construir | House |
| 16:35 | Encolar | Spearman |
| 16:44 | Encolar | Villager (Male) |
| 16:56 | Encolar | Spearman |
| 17:00 | Encolar | Villager (Male) |
| 17:01 | Encolar | Villager (Male) |
| 17:01 | Encolar | Villager (Male) |
| 17:08 | Construir | Lumber Camp |
| 17:28 | Encolar | Spearman |
| 17:28 | Encolar | Spearman |
| 17:38 | Encolar | Villager (Male) |
| 17:55 | Encolar | Spearman |
| 17:59 | Encolar | Villager (Male) |
| 18:00 | Construir | Farm |
| 18:07 | Construir | House |
| 18:29 | Encolar | Villager (Male) |
| 18:34 | Construir | Donjon |
| 18:48 | Encolar | Villager (Male) |
| 18:50 | Construir | Farm |
| 18:59 | Encolar | Spearman |
| 18:59 | Encolar | Spearman |
| 19:13 | Encolar | Spearman |
| 19:34 | Encolar | Villager (Male) |
| 19:37 | Investigar | Forging |
| 20:02 | Encolar | Spearman |
| 20:03 | Encolar | Spearman |
| 20:12 | Encolar | Villager (Male) |
| 20:35 | Encolar | Villager (Male) |
| 20:36 | Construir | Farm |
| 20:41 | Construir | Farm |
| 20:42 | Construir | Farm |
| 20:42 | Construir | Farm |
| 20:42 | Construir | Farm |
| 20:46 | Construir | House |
| 20:47 | Construir | House |
| 20:58 | Encolar | Serjeant |
| 20:59 | Encolar | Serjeant |
| 20:59 | Encolar | Serjeant |
| 21:13 | Encolar | Serjeant |
| 21:19 | Construir | Donjon |
| 21:24 | Encolar | Villager (Male) |
| 21:24 | Encolar | Villager (Male) |
| 21:24 | Encolar | Villager (Male) |
| 21:43 | Investigar | Fletching |
| 21:43 | Investigar | Fletching |
| 21:43 | Investigar | Fletching |
| 21:57 | Encolar | Villager (Male) |
| 21:57 | Encolar | Villager (Male) |
| 21:58 | Construir | Farm |
Build order — VENÓN | BOTZANGA
Primeras 150 de 192 acciones detectadas
| 0:01 | Encolar | Villager (Male) |
| 0:01 | Encolar | Villager (Male) |
| 0:02 | Encolar | Villager (Male) |
| 0:02 | Construir | House |
| 0:04 | Construir | House |
| 0:08 | Encolar | Villager (Male) |
| 0:08 | Encolar | Villager (Male) |
| 1:35 | Encolar | Villager (Male) |
| 1:35 | Encolar | Villager (Male) |
| 1:50 | Encolar | Villager (Male) |
| 1:51 | Encolar | Villager (Male) |
| 2:10 | Encolar | Villager (Male) |
| 2:10 | Encolar | Villager (Male) |
| 2:11 | Encolar | Villager (Male) |
| 2:21 | Construir | Mining Camp |
| 2:39 | Construir | Lumber Camp |
| 2:46 | Encolar | Villager (Male) |
| 2:46 | Encolar | Villager (Male) |
| 3:23 | Encolar | Villager (Male) |
| 3:23 | Encolar | Villager (Male) |
| 3:25 | Construir | House |
| 3:32 | Encolar | Villager (Male) |
| 3:32 | Encolar | Villager (Male) |
| 3:45 | Encolar | Villager (Male) |
| 3:46 | Encolar | Villager (Male) |
| 4:12 | Encolar | Villager (Male) |
| 4:23 | Encolar | Villager (Male) |
| 4:24 | Encolar | Villager (Male) |
| 4:34 | Encolar | Villager (Male) |
| 4:35 | Encolar | Villager (Male) |
| 4:47 | Construir | Mill |
| 5:03 | Encolar | Villager (Male) |
| 5:03 | Encolar | Villager (Male) |
| 5:32 | Construir | House |
| 5:41 | Encolar | Villager (Male) |
| 5:41 | Encolar | Villager (Male) |
| 6:10 | Encolar | Villager (Male) |
| 6:44 | Construir | Farm |
| 6:45 | Construir | Farm |
| 6:57 | Encolar | Villager (Male) |
| 7:12 | Investigar | Loom |
| 7:59 | Construir | Mining Camp |
| 8:03 | Investigar | Feudal Age |
| 8:45 | Construir | House |
| 8:47 | Construir | Palisade Wall |
| 9:15 | Construir | Farm |
| 10:23 | Construir | Palisade Wall |
| 10:25 | Construir | Palisade Wall |
| 10:33 | Edad | Edad Feudal |
| 10:37 | Encolar | Villager (Male) |
| 10:43 | Construir | Palisade Wall |
| 11:12 | Investigar | Castle Age |
| 11:26 | Investigar | Double-Bit Axe |
| 11:37 | Construir | Watch Tower |
| 12:09 | Construir | Palisade Wall |
| 12:14 | Construir | Stone Wall |
| 12:20 | Construir | Stone Wall |
| 12:27 | Construir | Farm |
| 12:43 | Construir | Stone Wall |
| 13:29 | Construir | Stable |
| 13:33 | Encolar | Villager (Male) |
| 13:52 | Edad | Edad de los Castillos |
| 14:15 | Encolar | Battle Elephant |
| 14:18 | Encolar | Villager (Male) |
| 14:28 | Encolar | Battle Elephant |
| 14:43 | Construir | House |
| 14:53 | Encolar | Villager (Male) |
| 15:20 | Encolar | Battle Elephant |
| 15:35 | Encolar | Villager (Male) |
| 15:44 | Encolar | Villager (Male) |
| 15:47 | Construir | House |
| 16:09 | Construir | Farm |
| 16:10 | Construir | Farm |
| 16:11 | Encolar | Villager (Male) |
| 16:16 | Encolar | Villager (Male) |
| 16:29 | Encolar | Villager (Male) |
| 16:53 | Construir | Farm |
| 16:54 | Construir | Farm |
| 16:57 | Encolar | Villager (Male) |
| 17:07 | Encolar | Villager (Male) |
| 17:12 | Construir | Farm |
| 17:30 | Encolar | Villager (Male) |
| 17:30 | Encolar | Villager (Male) |
| 17:39 | Construir | House |
| 17:54 | Construir | House |
| 17:59 | Investigar | Town Watch |
| 18:07 | Encolar | Battle Elephant |
| 18:20 | Investigar | Horse Collar |
| 18:40 | Encolar | Villager (Male) |
| 18:42 | Encolar | Villager (Male) |
| 18:43 | Encolar | Villager (Male) |
| 18:56 | Encolar | Villager (Male) |
| 18:57 | Encolar | Villager (Male) |
| 19:02 | Encolar | Villager (Male) |
| 19:22 | Encolar | Villager (Male) |
| 19:32 | Encolar | Villager (Male) |
| 19:35 | Encolar | Villager (Male) |
| 19:40 | Encolar | Villager (Male) |
| 19:41 | Encolar | Villager (Male) |
| 20:00 | Encolar | Villager (Male) |
| 20:05 | Construir | Siege Workshop |
| 20:11 | Encolar | Villager (Male) |
| 20:15 | Encolar | Villager (Male) |
| 20:15 | Encolar | Villager (Male) |
| 20:40 | Encolar | Mangonel |
| 20:41 | Encolar | Villager (Male) |
| 20:47 | Encolar | Villager (Male) |
| 20:56 | Encolar | Villager (Male) |
| 21:07 | Construir | Lumber Camp |
| 21:12 | Encolar | Villager (Male) |
| 21:15 | Encolar | Villager (Male) |
| 21:38 | Encolar | Scorpion |
| 21:38 | Encolar | Villager (Male) |
| 21:42 | Construir | House |
| 21:44 | Construir | House |
| 21:44 | Encolar | Villager (Male) |
| 21:51 | Encolar | Villager (Male) |
| 21:54 | Encolar | Villager (Male) |
| 22:12 | Encolar | Villager (Male) |
| 22:18 | Encolar | Villager (Male) |
| 22:51 | Construir | Monastery |
| 22:52 | Construir | House |
| 22:54 | Investigar | Bow Saw |
| 22:58 | Encolar | Villager (Male) |
| 23:03 | Encolar | Scorpion |
| 23:06 | Encolar | Villager (Male) |
| 23:09 | Encolar | Villager (Male) |
| 23:59 | Construir | Town Center |
| 23:59 | Encolar | Villager (Male) |
| 24:09 | Construir | Town Center |
| 24:09 | Encolar | Villager (Male) |
| 24:10 | Encolar | Villager (Male) |
| 24:15 | Encolar | Monk |
| 24:22 | Encolar | Mangonel |
| 24:26 | Investigar | Town Watch |
| 24:28 | Encolar | Villager (Male) |
| 24:36 | Construir | Farm |
| 24:37 | Encolar | Villager (Male) |
| 24:50 | Encolar | Villager (Male) |
| 24:52 | Construir | Mining Camp |
| 24:53 | Encolar | Villager (Male) |
| 25:18 | Encolar | Villager (Male) |
| 25:34 | Encolar | Villager (Male) |
| 25:49 | Encolar | Villager (Male) |
| 25:55 | Encolar | Villager (Male) |
| 25:55 | Encolar | Villager (Male) |
| 25:56 | Encolar | Villager (Male) |
| 26:02 | Encolar | Villager (Male) |
| 26:08 | Encolar | Battle Elephant |
| 26:19 | Construir | Farm |
Cronología de la partida
| 7:12 | Im_16Years_Old_IamCaPte · first_building Barracks |
| 8:47 | VENÓN | BOTZANGA · wall_segment Palisade Wall x2 |
| 9:40 | Im_16Years_Old_IamCaPte · first_building Donjon |
| 10:08 | Im_16Years_Old_IamCaPte · age_up feudal |
| 10:23 | VENÓN | BOTZANGA · wall_segment Palisade Wall x1 |
| 10:25 | VENÓN | BOTZANGA · wall_segment Palisade Wall x1 |
| 10:33 | VENÓN | BOTZANGA · age_up feudal |
| 10:43 | VENÓN | BOTZANGA · wall_segment Palisade Wall x1 |
| 12:09 | VENÓN | BOTZANGA · wall_segment Palisade Wall x1 |
| 12:14 | VENÓN | BOTZANGA · wall_segment Stone Wall x3 |
| 12:20 | VENÓN | BOTZANGA · wall_segment Stone Wall x8 |
| 12:43 | VENÓN | BOTZANGA · wall_segment Stone Wall x3 |
| 13:29 | VENÓN | BOTZANGA · first_building Stable |
| 13:52 | VENÓN | BOTZANGA · age_up castle |
| 20:05 | VENÓN | BOTZANGA · first_building Siege Workshop |
| 22:51 | VENÓN | BOTZANGA · first_building Monastery |
| 25:30 | Im_16Years_Old_IamCaPte · first_market_sell 100 wood |
| 25:32 | Im_16Years_Old_IamCaPte · first_market_buy 100 food |
| 28:19 | Im_16Years_Old_IamCaPte · age_up castle |
| 30:12 | VENÓN | BOTZANGA · first_market_buy 100 stone |
| 30:30 | VENÓN | BOTZANGA · first_building Castle |
| 30:46 | Im_16Years_Old_IamCaPte · resign |
[ ANÁLISIS IA · 1 CRÉDITO ]
¿Qué pasó realmente en esta partida?
Wolo.gg analiza cada decisión: build order, eco, micro, errores típicos por bracket. Análisis personalizado por WhatsApp o Discord en 30 segundos.
Guía civ
Sicilianos
Perfil
Jugador #25672067